Hurricanes vs Maple Leafs

Created - 19 décembre 2017 at 15:55

Goals
1 2 3 T
Hurricanes 2 2 0 4
Maple Leafs 1 0 0 1
Shots
1 2 3 T
Hurricanes 11 19 6 36
Maple Leafs 4 11 14 29

1st period

1. Hurricanes , Jordan Leopold 5 (Ilya Kovalchuk 22, Marius Holtet 4) at 3:54 (PP)
2. Hurricanes , Anton Gustafsson 1 (Brian Lee 9, Nikita Kucherov 6) at 6:19
3. Maple Leafs , Vincent Trocheck 2 (Roman Josi 20) at 11:05

Penalties :
Tanner Pearson (TOR) for Cross-checking (Minor) at 2:54, Shawn Weller (TOR) for Boarding (Minor) at 8:22, Michael Del Zotto (TOR) for Goalie Interference (Minor) at 17:06

2nd period

4. Hurricanes , Nikita Kucherov 7 (Jordan Leopold 22, Peter Mueller 1) at 2:02
5. Hurricanes , Martin Hanzal 5 (Marius Holtet 5, Mike Ribeiro 21) at 5:41

Penalties :
Kevin Bieksa (TOR) for Holding (Minor) at 2:45, Brian Lee (CAR) for Tripping (Minor) at 6:02, Oleg Kvasha (TOR) for Holding (Minor) at 8:04, Dylan Reese (CAR) for Hooking (Minor) at 18:46

3rd period

No Goal

Penalties :
Michael Del Zotto (TOR) for Hooking (Minor) at 1:12, Marius Holtet (CAR) for Tripping (Minor) at 1:12, Martin Hanzal (CAR) for Hooking (Minor) at 9:40

Goalie Stats

Henrik Lundqvist (CAR), 28 saves from 29 shots - (0,966), W, 7-2-1, 60:00 minutes
Corey Crawford (TOR), 32 saves from 36 shots - (0,889), L, 11-12-1, 60:00 minutes

Players Stats for Hurricanes

Player Name              G  A  P  +/- PIM S  H  SB GA TA FO     MP     PP MP  PK MP  
------------------------------------------------------------------------------------
Anton Gustafsson         1  0  1   2  0   2  5  0  0  0  12/26  19:23   4:54   1:35 
Brett Sterling           0  0  0  -1  0   1  0  0  0  0  0/0     6:41   0:00   1:35 
Brian Lee                0  1  1   2  2   1  1  0  0  0  0/0    13:30   0:00   2:01 
Chris Kunitz             0  0  0   0  0   3  1  0  0  0  0/2    15:28   0:00   4:17 
Dylan Reese              0  0  0   0  2   0  6  0  0  0  0/0    16:13   0:00   0:00 
Ilya Kovalchuk           0  1  1   0  0   3  2  0  0  0  6/16   16:00   4:02   0:00 
John-Michael Liles       0  0  0   0  0   1  0  0  0  0  0/0    25:03   4:54   3:19 
Jordan Leopold           1  1  2   2  0   2  0  1  0  0  0/0    19:31   4:02   2:41 
Lee Stempniak            0  0  0  -1  0   1  0  1  0  0  4/6     5:06   0:00   0:00 
Marius Holtet            0  2  2   1  2   3  2  0  0  0  0/1    19:10   4:02   0:00 
Martin Hanzal            1  0  1   1  2   2  0  0  0  0  9/17   15:08   0:00   0:00 
Mike Ribeiro             0  1  1   1  0   6  0  0  0  0  2/3    20:03   4:54   0:00 
Nikita Kucherov          1  1  2   2  0   3  0  0  0  0  0/1    12:18   0:00   0:00 
Patrick Dwyer            0  0  0   0  0   0  1  0  0  0  2/4    11:58   0:00   0:00 
Peter Aston              0  0  0   0  0   3  0  2  0  0  0/0    20:51   4:54   0:37 
Peter Mueller            0  1  1   2  0   1  0  0  0  0  9/13   20:14   3:34   4:22 
Robyn Regehr             0  0  0   0  0   3  7  0  0  0  0/0    24:50   4:02   3:16 
Tomas Fleischmann        0  0  0  -1  0   1  0  0  0  0  0/1    10:33   5:22   0:05 

Players Stats for Maple Leafs

Player Name              G  A  P  +/- PIM S  H  SB GA TA FO     MP     PP MP  PK MP  
------------------------------------------------------------------------------------
Brandon Rogers           0  0  0  -2  0   0  1  0  0  0  0/0    14:37   0:00   0:11 
Brandon Yip              0  0  0  -1  0   1  1  0  0  0  1/3    14:15   3:35   0:00 
Chris Phillips           0  0  0   0  0   0  0  1  0  0  0/0    20:58   0:00   4:39 
Kevin Bieksa             0  0  0  -2  2   2  2  1  0  0  0/0    22:48   2:44   4:13 
Michael Del Zotto        0  0  0   0  4   2  3  0  0  0  0/0    22:32   2:44   4:05 
Michael Grabner          0  0  0   0  0   2  0  0  0  0  0/1    22:45   3:35   4:54 
Nazem Kadri              0  0  0  -1  0   2  0  0  0  0  8/18   17:31   2:22   4:29 
Oleg Kvasha              0  0  0   0  2   2  5  0  0  0  0/1    15:48   0:00   2:46 
Pierre-Marc Bouchard     0  0  0   0  0   3  0  0  0  0  9/18   15:11   2:22   1:16 
Riley Armstrong          0  0  0   0  0   2  0  0  0  0  1/1    13:09   2:22   0:00 
Roman Josi               0  1  1   0  0   2  0  2  0  0  0/0    21:58   3:13   4:44 
Ryan O'Reilly            0  0  0   0  0   1  1  0  0  0  17/32  22:18   3:35   4:27 
Shawn Weller             0  0  0  -1  2   1  4  1  0  0  0/0    10:39   0:00   0:00 
Tanner Pearson           0  0  0  -1  2   1  0  0  0  0  1/1     8:37   0:00   0:00 
Tom Walsh                0  0  0   0  0   0  4  1  0  0  0/0    17:04   3:13   0:00 
Vincent Trocheck         1  0  1  -1  0   4  1  0  0  0  8/14    8:38   0:00   0:00 
William Nylander         0  0  0  -1  0   3  0  1  0  0  0/0     8:38   0:00   0:00 
Zach Dalpe               0  0  0   0  0   1  5  0  0  0  1/1    11:33   0:00   0:00 

3 Stars

1 - Anton Gustafsson (CAR)
2 - Jordan Leopold (CAR)
3 - Nikita Kucherov (CAR)

Power Play

Hurricanes - 1 on 5 Attempt(s) - 20,00%
Maple Leafs - 0 on 3 Attempt(s) - 0,00%

Penalty Kill

Hurricanes - 3 on 3 Attempt(s) - 100,00% - Score 0 goal in Penalty Kill
Maple Leafs - 4 on 5 Attempt(s) - 80,00% - Score 0 goal in Penalty Kill

Team Stat

Hurricanes - Hits : 25 - Faceoff Wins : 44 - Blocked Shots : 4 - Penalty Minutes : 8
Maple Leafs - Hits : 27 - Faceoff Wins : 46 - Blocked Shots : 7 - Penalty Minutes : 12

Official

Referees : Fred LeBlanc and Jean Hebert
Linesman : Justin Hedlund and Jared Hoffmeyer

Game Notes

No Game Note

Finance

Level 1 -- Attendance: 5852 (90,03%) -- Ticket Income 672 980 $
Level 2 -- Attendance: 5157 (93,76%) -- Ticket Income 371 304 $
Level 3 -- Attendance: 2500 (100,00%) -- Ticket Income 120 000 $
Level 4 -- Attendance: 4195 (93,22%) -- Ticket Income 130 045 $
Luxury Box -- Attendance: 1905 (84,67%) -- Ticket Income 371 475 $
Game was played at the Air Canada Centre.
Total Attendance: 19609 (92,28%)
Total Ticket Income: 1 665 804 $
Other Income: 816 244 $
Total Income: 2 482 048 $

Hurricanes

5 vs 5 Forward 
   Center                   Left Wing                Right Wing               Time % Phy DF OF 
 1 Martin Hanzal            Mike Ribeiro             Marius Holtet            40     1   2  2  
 2 Anton Gustafsson         Nikita Kucherov          Peter Mueller            30     0   2  3  
 3 Ilya Kovalchuk           Patrick Dwyer            Chris Kunitz             24     1   2  2  
 4 Lee Stempniak            Tomas Fleischmann        Brett Sterling           6      0   3  2  

5 vs 5 Defense 
   Defense                  Defense                                           Time % Phy DF OF 
 1 Robyn Regehr             Peter Aston                                       40     1   2  2  
 2 Dylan Reese              John-Michael Liles                                33     1   2  2  
 3 Jordan Leopold           Brian Lee                                         19     1   2  2  
 4 Robyn Regehr             Jordan Leopold                                    8      1   2  2  

PowerPlay Forward 
   Center                   Left Wing                Right Wing               Time % Phy DF OF 
 1 Anton Gustafsson         Mike Ribeiro             Tomas Fleischmann        55     1   2  2  
 2 Ilya Kovalchuk           Marius Holtet            Peter Mueller            45     1   2  2  

PowerPlay Defense
   Defense                  Defense                                           Time % Phy DF OF 
 1 Peter Aston              John-Michael Liles                                60     1   1  3  
 2 Robyn Regehr             Jordan Leopold                                    40     1   2  2  

Penalty Kill 4 Players Forward 
   Center                   Wing                     Time % Phy DF OF 
 1 Peter Mueller            Chris Kunitz             60     1   2  2  
 2 Anton Gustafsson         Brett Sterling           40     1   2  2  

Penalty Kill 4 Players Defense
   Defense                  Defense                  Time % Phy DF OF 
 1 John-Michael Liles       Jordan Leopold           61     1   2  2  
 2 Brian Lee                Robyn Regehr             39     1   2  2  

Penalty Kill - 3 Players Forward 
   Forward                                           Time % Phy DF OF 
 1 Patrick Dwyer                                     61     1   2  2  
 2 Ilya Kovalchuk                                    39     1   2  2  

Penalty Kill - 3 Players Defense
   Defense                  Defense                  Time % Phy DF OF 
 1 Robyn Regehr             Brian Lee                56     1   2  2  
 2 Jordan Leopold           Peter Aston              44     1   3  1  

4 vs 4 Forward 
   Center                   Wing                     Time % Phy DF OF 
 1 Patrick Dwyer            Ilya Kovalchuk           61     1   2  2  
 2 Anton Gustafsson         Chris Kunitz             39     1   2  2  

4 vs 4 Defense
   Defense                  Defense                  Time % Phy DF OF 
 1 Robyn Regehr             Jordan Leopold           58     1   2  2  
 2 John-Michael Liles       Brian Lee                42     0   3  2  

Last Minutes Offensive
   Center                   Left Wing                Right Wing               Defense                  Defense                  
   Mike Ribeiro             Anton Gustafsson         Marius Holtet            Brian Lee                John-Michael Liles       

Last Minutes Defensive
   Center                   Left Wing                Right Wing               Defense                  Defense                  
   Lee Stempniak            Nikita Kucherov          Marius Holtet            Dylan Reese              Jordan Leopold           

Goaltenders
Starting : Henrik Lundqvist         
Backup : Jimmy Howard             

Extra Forwards
Normal : Brett Sterling, Tomas Fleischmann, Marius Holtet - PP : Tomas Fleischmann, Mike Ribeiro - PK : Chris Kunitz
Extra Defensemen
Normal : Brian Lee, Dylan Reese, John-Michael Liles - PP : Peter Aston - PK : Brian Lee, John-Michael Liles
Penalty Shots
Anton Gustafsson, Ilya Kovalchuk, Peter Mueller, Chris Kunitz, Mike Ribeiro
Custom OT Lines Forwards
Nikita Kucherov, Anton Gustafsson, Peter Mueller, Marius Holtet, Lee Stempniak, Chris Kunitz, Brett Sterling, Tomas Fleischmann, Mike Ribeiro, Martin Hanzal
Custom OT Lines Defensemen
Jordan Leopold, John-Michael Liles, Peter Aston, Dylan Reese, Brian Lee

Scratches
Alex Tanguay (Right Ankle Injury), Juraj Kolnik (Fractured Left Foot Injury)

Maple Leafs

5 vs 5 Forward 
   Center                   Left Wing                Right Wing               Time % Phy DF OF 
 1 Ryan O'Reilly            Oleg Kvasha              Michael Grabner          29     1   1  3  
 2 Nazem Kadri              Shawn Weller             Brandon Yip              25     1   2  2  
 3 Pierre-Marc Bouchard     Zach Dalpe               Riley Armstrong          25     1   2  2  
 4 Vincent Trocheck         Tanner Pearson           William Nylander         21     1   2  2  

5 vs 5 Defense 
   Defense                  Defense                                           Time % Phy DF OF 
 1 Kevin Bieksa             Brandon Rogers                                    34     1   2  2  
 2 Michael Del Zotto        Chris Phillips                                    33     1   2  2  
 3 Roman Josi               Tom Walsh                                         33     1   2  2  
 4 Kevin Bieksa             Michael Del Zotto                                 0      1   2  2  

PowerPlay Forward 
   Center                   Left Wing                Right Wing               Time % Phy DF OF 
 1 Ryan O'Reilly            Michael Grabner          Brandon Yip              50     1   0  4  
 2 Pierre-Marc Bouchard     Riley Armstrong          Nazem Kadri              50     1   0  4  

PowerPlay Defense
   Defense                  Defense                                           Time % Phy DF OF 
 1 Michael Del Zotto        Kevin Bieksa                                      50     1   1  3  
 2 Roman Josi               Tom Walsh                                         50     1   1  3  

Penalty Kill 4 Players Forward 
   Center                   Wing                     Time % Phy DF OF 
 1 Nazem Kadri              Michael Grabner          50     1   3  1  
 2 Ryan O'Reilly            Oleg Kvasha              50     1   3  1  

Penalty Kill 4 Players Defense
   Defense                  Defense                  Time % Phy DF OF 
 1 Michael Del Zotto        Kevin Bieksa             50     1   4  0  
 2 Chris Phillips           Roman Josi               50     1   4  0  

Penalty Kill - 3 Players Forward 
   Forward                                           Time % Phy DF OF 
 1 Ryan O'Reilly                                     50     1   2  2  
 2 Michael Grabner                                   50     1   2  2  

Penalty Kill - 3 Players Defense
   Defense                  Defense                  Time % Phy DF OF 
 1 Michael Del Zotto        Kevin Bieksa             50     1   2  2  
 2 Roman Josi               Chris Phillips           50     1   2  2  

4 vs 4 Forward 
   Center                   Wing                     Time % Phy DF OF 
 1 Ryan O'Reilly            Michael Grabner          60     1   2  2  
 2 Zach Dalpe               Pierre-Marc Bouchard     40     1   2  2  

4 vs 4 Defense
   Defense                  Defense                  Time % Phy DF OF 
 1 Kevin Bieksa             Michael Del Zotto        50     1   2  2  
 2 Chris Phillips           Roman Josi               50     1   2  2  

Last Minutes Offensive
   Center                   Left Wing                Right Wing               Defense                  Defense                  
   Ryan O'Reilly            Brandon Yip              Michael Grabner          Chris Phillips           Roman Josi               

Last Minutes Defensive
   Center                   Left Wing                Right Wing               Defense                  Defense                  
   Ryan O'Reilly            Michael Grabner          Pierre-Marc Bouchard     Kevin Bieksa             Michael Del Zotto        

Goaltenders
Starting : Corey Crawford           
Backup : Robert Esche             

Extra Forwards
Normal : Brandon Yip, Michael Grabner, Ryan O'Reilly - PP : Michael Grabner, Brandon Yip - PK : Michael Grabner
Extra Defensemen
Normal : Michael Del Zotto, Kevin Bieksa, Roman Josi - PP : Michael Del Zotto - PK : Chris Phillips, Kevin Bieksa
Penalty Shots
Nazem Kadri, Michael Grabner, Brandon Yip, Ryan O'Reilly, Riley Armstrong
Custom OT Lines Forwards
Pierre-Marc Bouchard, Ryan O'Reilly, Michael Grabner, Riley Armstrong, Shawn Weller, Zach Dalpe, William Nylander, Nazem Kadri, Oleg Kvasha, Brandon Yip
Custom OT Lines Defensemen
Kevin Bieksa, Roman Josi, Chris Phillips, Michael Del Zotto, Tom Walsh

Scratches
None


% Time on Ice - Hurricanes

Lines # - Real PCT - Wanted PCT - Time Play
Normal Forward
1 - 35% - 40% - 15:09
2 - 29% - 30% - 12:18
3 - 25% - 24% - 10:35
4 - 12% - 6% - 5:06
Normal Defense
1 - 36% - 40% - 15:20
2 - 37% - 33% - 16:05
3 - 25% - 19% - 10:45
4 - 2% - 8% - 0:58
PP Forward
1 - 55% - 55% - 4:54
2 - 45% - 45% - 4:02
PP Defense
1 - 55% - 60% - 4:54
2 - 45% - 40% - 4:02
PK Forward
1 - 73% - 60% - 4:22
2 - 27% - 40% - 1:35
PK Defense
1 - 45% - 61% - 2:41
2 - 55% - 39% - 3:16
PK3 Forward
1 - 0% - 61%
2 - 0% - 39%
PK3 Defense
1 - 0% - 56%
2 - 0% - 44%
44 Forward
1 - 70% - 61% - 1:23
2 - 30% - 39% - 0:36
44 Defense
1 - 62% - 58% - 1:14
2 - 38% - 42% - 0:45
Last Minute Offensive  - 0:00
Last Minute Defensive  - 0:00
Total
Forward - 60:00
Defense - 60:00

% Time on Ice - Maple Leafs

Lines # - Real PCT - Wanted PCT - Time Play
Normal Forward
1 - 30% - 29% - 13:03
2 - 25% - 25% - 10:40
3 - 25% - 25% - 10:47
4 - 20% - 21% - 8:38
Normal Defense
1 - 33% - 34% - 14:26
2 - 34% - 33% - 14:51
3 - 32% - 33% - 13:51
4 - 0% - 0% - 0:00
PP Forward
1 - 60% - 50% - 3:35
2 - 40% - 50% - 2:22
PP Defense
1 - 46% - 50% - 2:44
2 - 54% - 50% - 3:13
PK Forward
1 - 50% - 50% - 4:29
2 - 50% - 50% - 4:27
PK Defense
1 - 68% - 50% - 6:03
2 - 32% - 50% - 2:53
PK3 Forward
1 - 0% - 50%
2 - 0% - 50%
PK3 Defense
1 - 0% - 50%
2 - 0% - 50%
44 Forward
1 - 61% - 60% - 1:13
2 - 39% - 40% - 0:46
44 Defense
1 - 72% - 50% - 1:26
2 - 28% - 50% - 0:33
Last Minute Offensive  - 0:00
Last Minute Defensive  - 0:00
Total
Forward - 60:00
Defense - 60:00

Play by Play

1st period


0:01 of 1st period - Ryan O'Reilly wins face-off versus Martin Hanzal in neutral zone.
0:18 of 1st period - Shot by Kevin Bieksa.
0:18 of 1st period - Shot Misses the Net.
0:20 of 1st period - Shot by Michael Grabner.
0:20 of 1st period - Shot Misses the Net.
1:42 of 1st period - Icing by Chris Phillips.
1:43 of 1st period - Nazem Kadri wins face-off versus Ilya Kovalchuk in Maple Leafs zone.
2:38 of 1st period - Anton Gustafsson is hit by Zach Dalpe and loses puck.
2:54 of 1st period - Minor Penalty to Tanner Pearson for Cross-checking.
2:55 of 1st period - Ryan O'Reilly wins face-off versus Anton Gustafsson in Maple Leafs zone.
2:55 of 1st period - Ryan O'Reilly is hit by Anton Gustafsson.
3:20 of 1st period - Shot by Peter Aston.
3:20 of 1st period - Shot Misses the Net.
3:54 of 1st period - Shot by Jordan Leopold.
3:54 of 1st period - Goal by Jordan Leopold - Hurricanes : 1 - Maple Leafs : 0.
3:55 of 1st period - Vincent Trocheck wins face-off versus Ilya Kovalchuk in neutral zone.
4:31 of 1st period - Shot by William Nylander.
4:31 of 1st period - Stopped by Henrik Lundqvist without a rebound.
4:32 of 1st period - Pierre-Marc Bouchard wins face-off versus Lee Stempniak in Hurricanes zone.
4:32 of 1st period - Pierre-Marc Bouchard is hit by Robyn Regehr.
4:44 of 1st period - Peter Aston is hit by Zach Dalpe and loses puck.
6:13 of 1st period - Shot by Peter Mueller.
6:13 of 1st period - Stopped by Corey Crawford without a rebound.
6:14 of 1st period - Anton Gustafsson wins face-off versus Vincent Trocheck in Maple Leafs zone.
6:19 of 1st period - Shot by Anton Gustafsson.
6:19 of 1st period - Goal by Anton Gustafsson - Hurricanes : 2 - Maple Leafs : 0.
6:20 of 1st period - Vincent Trocheck wins face-off versus Anton Gustafsson in neutral zone.
6:49 of 1st period - Shot by Nikita Kucherov.
6:49 of 1st period - Shot Misses the Net.
7:03 of 1st period - Shot by Vincent Trocheck.
7:03 of 1st period - Shot Misses the Net.
7:35 of 1st period - Shot by Michael Grabner.
7:35 of 1st period - Shot Misses the Net.
8:22 of 1st period - Minor Penalty to Shawn Weller for Boarding.
8:23 of 1st period - Pierre-Marc Bouchard wins face-off versus Mike Ribeiro in Maple Leafs zone.
9:12 of 1st period - Shot by Ilya Kovalchuk.
9:12 of 1st period - Shot Misses the Net.
9:14 of 1st period - Shot by Ilya Kovalchuk.
9:14 of 1st period - Stopped by Corey Crawford with a rebound.
9:16 of 1st period - Shot by Jordan Leopold.
9:16 of 1st period - Shot Misses the Net.
9:18 of 1st period - Shot by Robyn Regehr.
9:18 of 1st period - Stopped by Corey Crawford without a rebound.
9:19 of 1st period - Ilya Kovalchuk wins face-off versus Ryan O'Reilly in Maple Leafs zone.
10:30 of 1st period - Shot by Lee Stempniak.
10:30 of 1st period - Stopped by Corey Crawford without a rebound.
10:31 of 1st period - Vincent Trocheck wins face-off versus Ilya Kovalchuk in Maple Leafs zone.
10:46 of 1st period - Icing by Roman Josi.
10:47 of 1st period - Tanner Pearson wins face-off versus Lee Stempniak in Maple Leafs zone.
11:05 of 1st period - Shot by Vincent Trocheck.
11:05 of 1st period - Goal by Vincent Trocheck - Hurricanes : 2 - Maple Leafs : 1.
11:06 of 1st period - Riley Armstrong wins face-off versus Anton Gustafsson in neutral zone.
11:13 of 1st period - Shot by Riley Armstrong.
11:13 of 1st period - Shot Misses the Net.
12:03 of 1st period - Shot by Martin Hanzal.
12:03 of 1st period - Stopped by Corey Crawford with a rebound.
12:05 of 1st period - Shot by Robyn Regehr.
12:05 of 1st period - Stopped by Corey Crawford without a rebound.
12:06 of 1st period - Nazem Kadri wins face-off versus Ilya Kovalchuk in Maple Leafs zone.
12:12 of 1st period - Michael Del Zotto is hit by Brian Lee and loses puck.
12:39 of 1st period - Brian Lee is hit by Shawn Weller and loses puck.
13:07 of 1st period - Icing by Michael Grabner.
13:08 of 1st period - Ryan O'Reilly wins face-off versus Martin Hanzal in Maple Leafs zone.
13:12 of 1st period - Icing by Michael Grabner.
13:13 of 1st period - Martin Hanzal wins face-off versus Ryan O'Reilly in Maple Leafs zone.
13:20 of 1st period - Shot by Mike Ribeiro.
13:20 of 1st period - Shot Misses the Net.
13:24 of 1st period - Shot by Marius Holtet.
13:24 of 1st period - Shot Misses the Net.
13:52 of 1st period - Shot by Mike Ribeiro.
13:52 of 1st period - Stopped by Corey Crawford without a rebound.
13:53 of 1st period - Nazem Kadri wins face-off versus Nikita Kucherov in Maple Leafs zone.
13:53 of 1st period - Nazem Kadri is hit by Anton Gustafsson.
14:15 of 1st period - Shot by Nazem Kadri.
14:15 of 1st period - Shot Misses the Net.
14:18 of 1st period - Brandon Yip is hit by Dylan Reese and loses puck.
14:45 of 1st period - Michael Del Zotto is hit by Anton Gustafsson and loses puck.
14:51 of 1st period - William Nylander is hit by Dylan Reese and loses puck.
15:16 of 1st period - Shot by Tanner Pearson.
15:16 of 1st period - Stopped by Henrik Lundqvist without a rebound.
15:17 of 1st period - Martin Hanzal wins face-off versus Pierre-Marc Bouchard in Hurricanes zone.
15:17 of 1st period - Martin Hanzal is hit by Zach Dalpe.
15:26 of 1st period - Peter Aston is hit by Tom Walsh and loses puck.
15:36 of 1st period - Roman Josi is hit by Robyn Regehr and loses puck.
15:45 of 1st period - Shot by Riley Armstrong.
15:45 of 1st period - Stopped by Henrik Lundqvist without a rebound.
15:46 of 1st period - Ryan O'Reilly wins face-off versus Ilya Kovalchuk in Hurricanes zone.
15:50 of 1st period - Icing by Jordan Leopold.
15:51 of 1st period - Ilya Kovalchuk wins face-off versus Nazem Kadri in Hurricanes zone.
16:08 of 1st period - Shot by Brian Lee.
16:08 of 1st period - Shot Misses the Net.
16:10 of 1st period - Shot by Chris Kunitz.
16:10 of 1st period - Shot Misses the Net.
16:12 of 1st period - Shot by Jordan Leopold.
16:12 of 1st period - Shot Misses the Net.
16:38 of 1st period - Ilya Kovalchuk is hit by Shawn Weller and loses puck.
17:06 of 1st period - Minor Penalty to Michael Del Zotto for Goalie Interference.
17:07 of 1st period - Anton Gustafsson wins face-off versus Ryan O'Reilly in Maple Leafs zone.
17:14 of 1st period - Shot by Peter Aston.
17:14 of 1st period - Stopped by Corey Crawford without a rebound.
17:15 of 1st period - Ryan O'Reilly wins face-off versus Anton Gustafsson in Maple Leafs zone.
17:50 of 1st period - Icing by Peter Aston.
17:51 of 1st period - Nazem Kadri wins face-off versus Tomas Fleischmann in Hurricanes zone.
18:27 of 1st period - Shot by Jordan Leopold.
18:27 of 1st period - Shot Misses the Net.
18:49 of 1st period - Shot by Robyn Regehr.
18:49 of 1st period - Stopped by Corey Crawford with a rebound.
19:31 of 1st period - Shot by Lee Stempniak.
19:31 of 1st period - Shot Blocked by Tom Walsh.
19:46 of 1st period - Icing by Riley Armstrong.
19:47 of 1st period - Zach Dalpe wins face-off versus Ilya Kovalchuk in Maple Leafs zone.
Goals for this period are 2 for Hurricanes vs 1 for Maple Leafs.
Shots for this period are 11 for Hurricanes vs 4 for Maple Leafs.

2nd period


0:01 of 2nd period - Martin Hanzal wins face-off versus Michael Grabner in neutral zone.
0:16 of 2nd period - Shot by Marius Holtet.
0:16 of 2nd period - Stopped by Corey Crawford with a rebound.
0:18 of 2nd period - Shot by Peter Aston.
0:18 of 2nd period - Stopped by Corey Crawford without a rebound.
0:19 of 2nd period - Vincent Trocheck wins face-off versus Anton Gustafsson in Maple Leafs zone.
0:19 of 2nd period - Vincent Trocheck is hit by Anton Gustafsson.
0:33 of 2nd period - Shot by William Nylander.
0:33 of 2nd period - Stopped by Henrik Lundqvist with a rebound.
0:47 of 2nd period - Off-side.
0:48 of 2nd period - Ryan O'Reilly wins face-off versus Martin Hanzal in neutral zone.
0:51 of 2nd period - Martin Hanzal is hit by Oleg Kvasha and loses puck.
1:41 of 2nd period - Michael Del Zotto is hit by Dylan Reese and loses puck.
1:47 of 2nd period - Dylan Reese is hit by Michael Del Zotto and loses puck.
1:54 of 2nd period - Shot by Ilya Kovalchuk.
1:54 of 2nd period - Stopped by Corey Crawford without a rebound.
1:55 of 2nd period - Anton Gustafsson wins face-off versus Nazem Kadri in Maple Leafs zone.
2:02 of 2nd period - Shot by Nikita Kucherov.
2:02 of 2nd period - Goal by Nikita Kucherov - Hurricanes : 3 - Maple Leafs : 1.
2:03 of 2nd period - Anton Gustafsson wins face-off versus Vincent Trocheck in neutral zone.
2:38 of 2nd period - Shot by William Nylander.
2:38 of 2nd period - Shot Misses the Net.
2:45 of 2nd period - Minor Penalty to Kevin Bieksa for Holding.
2:46 of 2nd period - Nazem Kadri wins face-off versus Ilya Kovalchuk in Maple Leafs zone.
2:46 of 2nd period - Nazem Kadri is hit by Ilya Kovalchuk.
2:56 of 2nd period - Shot by Jordan Leopold.
2:56 of 2nd period - Shot Misses the Net.
3:10 of 2nd period - Shot by Marius Holtet.
3:10 of 2nd period - Shot Blocked by Roman Josi.
3:37 of 2nd period - Icing by John-Michael Liles.
3:38 of 2nd period - Anton Gustafsson wins face-off versus Ryan O'Reilly in Hurricanes zone.
4:10 of 2nd period - Shot by Tomas Fleischmann.
4:10 of 2nd period - Stopped by Corey Crawford with a rebound.
4:58 of 2nd period - Shot by Chris Kunitz.
4:58 of 2nd period - Stopped by Corey Crawford with a rebound.
5:00 of 2nd period - Shot by Chris Kunitz.
5:00 of 2nd period - Stopped by Corey Crawford with a rebound.
5:02 of 2nd period - Shot by Jordan Leopold.
5:02 of 2nd period - Shot Blocked by William Nylander.
5:11 of 2nd period - Icing by Kevin Bieksa.
5:12 of 2nd period - Vincent Trocheck wins face-off versus Martin Hanzal in Maple Leafs zone.
5:39 of 2nd period - Shot by Marius Holtet.
5:39 of 2nd period - Stopped by Corey Crawford with a rebound.
5:41 of 2nd period - Shot by Martin Hanzal.
5:41 of 2nd period - Goal by Martin Hanzal - Hurricanes : 4 - Maple Leafs : 1.
5:42 of 2nd period - Anton Gustafsson wins face-off versus Pierre-Marc Bouchard in neutral zone.
5:45 of 2nd period - Shot by Nikita Kucherov.
5:45 of 2nd period - Stopped by Corey Crawford without a rebound.
5:46 of 2nd period - Pierre-Marc Bouchard wins face-off versus Anton Gustafsson in Maple Leafs zone.
5:59 of 2nd period - Shot by Zach Dalpe.
5:59 of 2nd period - Stopped by Henrik Lundqvist without a rebound.
6:00 of 2nd period - Ilya Kovalchuk wins face-off versus Nazem Kadri in Hurricanes zone.
6:02 of 2nd period - Minor Penalty to Brian Lee for Tripping.
6:03 of 2nd period - Peter Mueller wins face-off versus Ryan O'Reilly in Hurricanes zone.
6:46 of 2nd period - Shot by Chris Kunitz.
6:46 of 2nd period - Stopped by Corey Crawford without a rebound.
6:47 of 2nd period - Peter Mueller wins face-off versus Pierre-Marc Bouchard in Maple Leafs zone.
7:16 of 2nd period - Shot by Nazem Kadri.
7:16 of 2nd period - Stopped by Henrik Lundqvist without a rebound.
7:17 of 2nd period - Peter Mueller wins face-off versus Ryan O'Reilly in Hurricanes zone.
7:23 of 2nd period - Icing by Roman Josi.
7:24 of 2nd period - Ryan O'Reilly wins face-off versus Peter Mueller in Maple Leafs zone.
7:43 of 2nd period - Shot by Michael Grabner.
7:43 of 2nd period - Stopped by Henrik Lundqvist without a rebound.
7:44 of 2nd period - Pierre-Marc Bouchard wins face-off versus Anton Gustafsson in Hurricanes zone.
7:51 of 2nd period - Shot by Michael Del Zotto.
7:51 of 2nd period - Shot Misses the Net.
7:53 of 2nd period - Shot by Kevin Bieksa.
7:53 of 2nd period - Shot Blocked by Jordan Leopold.
7:55 of 2nd period - Shot by Kevin Bieksa.
7:55 of 2nd period - Stopped by Henrik Lundqvist without a rebound.
7:56 of 2nd period - Peter Mueller wins face-off versus Pierre-Marc Bouchard in Hurricanes zone.
8:04 of 2nd period - Minor Penalty to Oleg Kvasha for Holding.
8:05 of 2nd period - Anton Gustafsson wins face-off versus Ryan O'Reilly in Maple Leafs zone.
8:06 of 2nd period - Shot by Mike Ribeiro.
8:06 of 2nd period - Shot Misses the Net.
8:08 of 2nd period - Shot by Mike Ribeiro.
8:08 of 2nd period - Stopped by Corey Crawford without a rebound.
8:09 of 2nd period - Anton Gustafsson wins face-off versus Ryan O'Reilly in Maple Leafs zone.
8:38 of 2nd period - Shot by John-Michael Liles.
8:38 of 2nd period - Stopped by Corey Crawford without a rebound.
8:39 of 2nd period - Ilya Kovalchuk wins face-off versus Ryan O'Reilly in Maple Leafs zone.
8:40 of 2nd period - Shot by Robyn Regehr.
8:40 of 2nd period - Shot Misses the Net.
8:51 of 2nd period - Icing by Ilya Kovalchuk.
8:52 of 2nd period - Ilya Kovalchuk wins face-off versus Nazem Kadri in Hurricanes zone.
9:17 of 2nd period - Shot by Marius Holtet.
9:17 of 2nd period - Stopped by Corey Crawford without a rebound.
9:18 of 2nd period - Anton Gustafsson wins face-off versus Ryan O'Reilly in Maple Leafs zone.
9:18 of 2nd period - Anton Gustafsson is hit by Michael Del Zotto.
9:48 of 2nd period - Shot by Peter Aston.
9:48 of 2nd period - Stopped by Corey Crawford with a rebound.
9:56 of 2nd period - Shot by Mike Ribeiro.
9:56 of 2nd period - Stopped by Corey Crawford without a rebound.
9:57 of 2nd period - Ilya Kovalchuk wins face-off versus Nazem Kadri in Maple Leafs zone.
10:30 of 2nd period - Zach Dalpe is hit by Ilya Kovalchuk and loses puck.
10:39 of 2nd period - Shot by Ilya Kovalchuk.
10:39 of 2nd period - Stopped by Corey Crawford without a rebound.
10:40 of 2nd period - Martin Hanzal wins face-off versus Nazem Kadri in Maple Leafs zone.
10:59 of 2nd period - Shot by Nazem Kadri.
10:59 of 2nd period - Shot Misses the Net.
11:01 of 2nd period - Shot by Brandon Yip.
11:01 of 2nd period - Stopped by Henrik Lundqvist without a rebound.
11:02 of 2nd period - Ryan O'Reilly wins face-off versus Anton Gustafsson in Hurricanes zone.
11:43 of 2nd period - Icing by Dylan Reese.
11:44 of 2nd period - Nazem Kadri wins face-off versus Anton Gustafsson in Hurricanes zone.
11:44 of 2nd period - Nazem Kadri is hit by Dylan Reese.
12:22 of 2nd period - Shot by Shawn Weller.
12:22 of 2nd period - Shot Misses the Net.
12:27 of 2nd period - Nazem Kadri is hit by Robyn Regehr and loses puck.
12:37 of 2nd period - Icing by Peter Aston.
12:38 of 2nd period - Pierre-Marc Bouchard wins face-off versus Marius Holtet in Hurricanes zone.
13:03 of 2nd period - Shot by Pierre-Marc Bouchard.
13:03 of 2nd period - Stopped by Henrik Lundqvist without a rebound.
13:04 of 2nd period - Ryan O'Reilly wins face-off versus Ilya Kovalchuk in Hurricanes zone.
13:41 of 2nd period - Shot by Michael Grabner.
13:41 of 2nd period - Deflect By Oleg Kvasha.
13:41 of 2nd period - Stopped by Henrik Lundqvist with a rebound.
14:15 of 2nd period - Shot by Anton Gustafsson.
14:15 of 2nd period - Deflect By Nikita Kucherov.
14:15 of 2nd period - Shot Blocked by Shawn Weller.
14:28 of 2nd period - Icing by Chris Phillips.
14:29 of 2nd period - Mike Ribeiro wins face-off versus Brandon Yip in Maple Leafs zone.
15:24 of 2nd period - Tomas Fleischmann is hit by Shawn Weller and loses puck.
16:14 of 2nd period - Shot by Michael Grabner.
16:14 of 2nd period - Deflect By Oleg Kvasha.
16:14 of 2nd period - Stopped by Henrik Lundqvist without a rebound.
16:15 of 2nd period - Patrick Dwyer wins face-off versus Ryan O'Reilly in Hurricanes zone.
16:15 of 2nd period - Patrick Dwyer is hit by Oleg Kvasha.
16:43 of 2nd period - Dylan Reese is hit by Oleg Kvasha.
16:51 of 2nd period - Roman Josi is hit by Chris Kunitz and loses puck.
17:22 of 2nd period - Shot by Riley Armstrong.
17:22 of 2nd period - Stopped by Henrik Lundqvist without a rebound.
17:23 of 2nd period - Anton Gustafsson wins face-off versus Vincent Trocheck in Hurricanes zone.
17:36 of 2nd period - Shot by Nikita Kucherov.
17:36 of 2nd period - Stopped by Corey Crawford without a rebound.
17:37 of 2nd period - Pierre-Marc Bouchard wins face-off versus Martin Hanzal in Maple Leafs zone.
17:37 of 2nd period - Pierre-Marc Bouchard is hit by Marius Holtet.
17:53 of 2nd period - Shot by Pierre-Marc Bouchard.
17:53 of 2nd period - Stopped by Henrik Lundqvist without a rebound.
17:54 of 2nd period - Vincent Trocheck wins face-off versus Anton Gustafsson in Hurricanes zone.
18:21 of 2nd period - Shot by Anton Gustafsson.
18:21 of 2nd period - Deflect By Nikita Kucherov.
18:21 of 2nd period - Shot Blocked by Roman Josi.
18:23 of 2nd period - Shot by Anton Gustafsson.
18:23 of 2nd period - Stopped by Corey Crawford without a rebound.
18:24 of 2nd period - Mike Ribeiro wins face-off versus Pierre-Marc Bouchard in Maple Leafs zone.
18:25 of 2nd period - Shot by Martin Hanzal.
18:25 of 2nd period - Shot Misses the Net.
18:46 of 2nd period - Minor Penalty to Dylan Reese for Hooking.
18:47 of 2nd period - Ryan O'Reilly wins face-off versus Peter Mueller in Hurricanes zone.
19:21 of 2nd period - Off-side.
19:22 of 2nd period - Peter Mueller wins face-off versus Pierre-Marc Bouchard in neutral zone.
Goals for this period are 2 for Hurricanes vs 0 for Maple Leafs.
Shots for this period are 19 for Hurricanes vs 11 for Maple Leafs.

3rd period


0:01 of 3rd period - Peter Mueller wins face-off versus Pierre-Marc Bouchard in neutral zone.
0:21 of 3rd period - Off-side.
0:22 of 3rd period - Peter Mueller wins face-off versus Brandon Yip in neutral zone.
0:43 of 3rd period - Robyn Regehr is hit by Brandon Yip and loses puck.
0:49 of 3rd period - Tanner Pearson is hit by Robyn Regehr and loses puck.
0:52 of 3rd period - Shot by Michael Del Zotto.
0:52 of 3rd period - Stopped by Henrik Lundqvist without a rebound.
0:53 of 3rd period - Pierre-Marc Bouchard wins face-off versus Martin Hanzal in Hurricanes zone.
0:53 of 3rd period - Pierre-Marc Bouchard is hit by Dylan Reese.
1:05 of 3rd period - Shot by Pierre-Marc Bouchard.
1:05 of 3rd period - Shot Misses the Net.
1:12 of 3rd period - Minor Penalty to Michael Del Zotto for Hooking.
1:12 of 3rd period - Minor Penalty to Marius Holtet for Tripping.
1:13 of 3rd period - Ryan O'Reilly wins face-off versus Patrick Dwyer in Maple Leafs zone.
1:17 of 3rd period - Off-side.
1:18 of 3rd period - Ryan O'Reilly wins face-off versus Patrick Dwyer in neutral zone.
1:18 of 3rd period - Michael Grabner is hit by Patrick Dwyer and loses puck.
1:36 of 3rd period - Shot by Ilya Kovalchuk.
1:36 of 3rd period - Shot Hit the Post.
1:48 of 3rd period - Shot by Patrick Dwyer.
1:48 of 3rd period - Shot Blocked by Chris Phillips.
1:50 of 3rd period - Shot by Jordan Leopold.
1:50 of 3rd period - Stopped by Corey Crawford without a rebound.
1:51 of 3rd period - Patrick Dwyer wins face-off versus Ryan O'Reilly in Maple Leafs zone.
1:51 of 3rd period - Patrick Dwyer is hit by Kevin Bieksa.
2:09 of 3rd period - Brian Lee is hit by Kevin Bieksa.
2:49 of 3rd period - Shot by Pierre-Marc Bouchard.
2:49 of 3rd period - Shot Misses the Net.
3:04 of 3rd period - Shot by Jordan Leopold.
3:04 of 3rd period - Shot Misses the Net.
3:08 of 3rd period - Shot by Anton Gustafsson.
3:08 of 3rd period - Shot Misses the Net.
3:10 of 3rd period - Shot by Robyn Regehr.
3:10 of 3rd period - Deflect By Chris Kunitz.
3:10 of 3rd period - Shot Blocked by Kevin Bieksa.
3:12 of 3rd period - Shot by Anton Gustafsson.
3:12 of 3rd period - Shot Misses the Net.
3:30 of 3rd period - Shot by Shawn Weller.
3:30 of 3rd period - Stopped by Henrik Lundqvist without a rebound.
3:31 of 3rd period - Lee Stempniak wins face-off versus Vincent Trocheck in Hurricanes zone.
3:31 of 3rd period - Lee Stempniak is hit by Vincent Trocheck.
3:34 of 3rd period - Icing by Brett Sterling.
3:35 of 3rd period - Lee Stempniak wins face-off versus Vincent Trocheck in Hurricanes zone.
3:41 of 3rd period - Tomas Fleischmann is hit by Tom Walsh and loses puck.
3:47 of 3rd period - William Nylander is hit by Robyn Regehr and loses puck.
4:07 of 3rd period - Peter Aston is hit by Tom Walsh and loses puck.
4:11 of 3rd period - Icing by Roman Josi.
4:12 of 3rd period - Vincent Trocheck wins face-off versus Martin Hanzal in Maple Leafs zone.
4:12 of 3rd period - Vincent Trocheck is hit by Marius Holtet.
4:41 of 3rd period - Icing by Michael Del Zotto.
4:42 of 3rd period - Peter Mueller wins face-off versus Oleg Kvasha in Maple Leafs zone.
5:38 of 3rd period - Off-side.
5:39 of 3rd period - Pierre-Marc Bouchard wins face-off versus Martin Hanzal in neutral zone.
5:41 of 3rd period - Kevin Bieksa is hit by Robyn Regehr.
5:48 of 3rd period - Shot by Pierre-Marc Bouchard.
5:48 of 3rd period - Stopped by Henrik Lundqvist without a rebound.
5:49 of 3rd period - Nazem Kadri wins face-off versus Ilya Kovalchuk in Hurricanes zone.
5:56 of 3rd period - Shot by Nazem Kadri.
5:56 of 3rd period - Shot Blocked by Peter Aston.
6:41 of 3rd period - Icing by Roman Josi.
6:42 of 3rd period - Martin Hanzal wins face-off versus Nazem Kadri in Maple Leafs zone.
6:42 of 3rd period - John-Michael Liles is hit by Tom Walsh and loses puck.
6:58 of 3rd period - Off-side.
6:59 of 3rd period - Ryan O'Reilly wins face-off versus Peter Mueller in neutral zone.
7:02 of 3rd period - Shot by Michael Grabner.
7:02 of 3rd period - Deflect By Oleg Kvasha.
7:02 of 3rd period - Shot Misses the Net.
7:20 of 3rd period - Shot by Nikita Kucherov.
7:20 of 3rd period - Shot Misses the Net.
8:08 of 3rd period - Off-side.
8:09 of 3rd period - Pierre-Marc Bouchard wins face-off versus Chris Kunitz in neutral zone.
8:44 of 3rd period - Pierre-Marc Bouchard is hit by Dylan Reese and loses puck.
9:22 of 3rd period - Shot by Marius Holtet.
9:22 of 3rd period - Shot Misses the Net.
9:28 of 3rd period - Peter Aston is hit by Zach Dalpe and loses puck.
9:40 of 3rd period - Minor Penalty to Martin Hanzal for Hooking.
9:41 of 3rd period - Ryan O'Reilly wins face-off versus Peter Mueller in Hurricanes zone.
9:42 of 3rd period - Shot by Roman Josi.
9:42 of 3rd period - Stopped by Henrik Lundqvist without a rebound.
9:43 of 3rd period - Ryan O'Reilly wins face-off versus Chris Kunitz in Hurricanes zone.
9:44 of 3rd period - Shot by Michael Grabner.
9:44 of 3rd period - Stopped by Henrik Lundqvist without a rebound.
9:45 of 3rd period - Peter Mueller wins face-off versus Ryan O'Reilly in Hurricanes zone.
9:45 of 3rd period - Peter Mueller is hit by Ryan O'Reilly.
10:22 of 3rd period - Shot by Ryan O'Reilly.
10:22 of 3rd period - Shot Misses the Net.
10:28 of 3rd period - Shot by Tom Walsh.
10:28 of 3rd period - Shot Misses the Net.
10:55 of 3rd period - Shot by Brett Sterling.
10:55 of 3rd period - Stopped by Corey Crawford without a rebound.
10:56 of 3rd period - Ryan O'Reilly wins face-off versus Anton Gustafsson in Maple Leafs zone.
10:56 of 3rd period - Ryan O'Reilly is hit by Anton Gustafsson.
12:10 of 3rd period - Shot by Vincent Trocheck.
12:10 of 3rd period - Stopped by Henrik Lundqvist with a rebound.
12:12 of 3rd period - Shot by William Nylander.
12:12 of 3rd period - Shot Blocked by Peter Aston.
12:14 of 3rd period - Shot by Brandon Rogers.
12:14 of 3rd period - Shot Misses the Net.
12:16 of 3rd period - Shot by Vincent Trocheck.
12:16 of 3rd period - Stopped by Henrik Lundqvist without a rebound.
12:17 of 3rd period - Lee Stempniak wins face-off versus Pierre-Marc Bouchard in Hurricanes zone.
12:17 of 3rd period - Lee Stempniak is hit by Zach Dalpe.
12:49 of 3rd period - Shot by Riley Armstrong.
12:49 of 3rd period - Shot Misses the Net.
13:21 of 3rd period - Tomas Fleischmann is hit by Oleg Kvasha and loses puck.
13:30 of 3rd period - Shot by Michael Grabner.
13:30 of 3rd period - Shot Misses the Net.
13:32 of 3rd period - Shot by Ryan O'Reilly.
13:32 of 3rd period - Stopped by Henrik Lundqvist without a rebound.
13:33 of 3rd period - Martin Hanzal wins face-off versus Vincent Trocheck in Hurricanes zone.
13:44 of 3rd period - Shot by William Nylander.
13:44 of 3rd period - Stopped by Henrik Lundqvist without a rebound.
13:45 of 3rd period - Anton Gustafsson wins face-off versus Nazem Kadri in Hurricanes zone.
13:45 of 3rd period - Anton Gustafsson is hit by Shawn Weller.
13:48 of 3rd period - Icing by Peter Aston.
13:49 of 3rd period - Brandon Yip wins face-off versus Anton Gustafsson in Hurricanes zone.
13:58 of 3rd period - Shot by Nazem Kadri.
13:58 of 3rd period - Stopped by Henrik Lundqvist without a rebound.
13:59 of 3rd period - Martin Hanzal wins face-off versus Ryan O'Reilly in Hurricanes zone.
13:59 of 3rd period - Marius Holtet is hit by Oleg Kvasha and loses puck.
14:10 of 3rd period - Mike Ribeiro is hit by Brandon Rogers and loses puck.
14:15 of 3rd period - Shot by Martin Hanzal.
14:15 of 3rd period - Shot Misses the Net.
14:17 of 3rd period - Shot by Mike Ribeiro.
14:17 of 3rd period - Stopped by Corey Crawford without a rebound.
14:18 of 3rd period - Nazem Kadri wins face-off versus Anton Gustafsson in Maple Leafs zone.
14:25 of 3rd period - Shot by Roman Josi.
14:25 of 3rd period - Stopped by Henrik Lundqvist without a rebound.
14:26 of 3rd period - Martin Hanzal wins face-off versus Ryan O'Reilly in Hurricanes zone.
14:56 of 3rd period - Shot by Mike Ribeiro.
14:56 of 3rd period - Stopped by Corey Crawford with a rebound.
14:58 of 3rd period - Shot by Mike Ribeiro.
14:58 of 3rd period - Stopped by Corey Crawford without a rebound.
14:59 of 3rd period - Anton Gustafsson wins face-off versus Nazem Kadri in Maple Leafs zone.
15:00 of 3rd period - Shot by Nikita Kucherov.
15:00 of 3rd period - Shot Misses the Net.
16:26 of 3rd period - John-Michael Liles is hit by Michael Del Zotto and loses puck.
17:16 of 3rd period - Shot by Michael Grabner.
17:16 of 3rd period - Shot Misses the Net.
17:56 of 3rd period - Shot by Kevin Bieksa.
17:56 of 3rd period - Stopped by Henrik Lundqvist without a rebound.
17:57 of 3rd period - Lee Stempniak wins face-off versus Nazem Kadri in Hurricanes zone.
18:24 of 3rd period - Shot by Shawn Weller.
18:24 of 3rd period - Shot Blocked by Lee Stempniak.
18:28 of 3rd period - Shot by Brandon Yip.
18:28 of 3rd period - Deflect By Shawn Weller.
18:28 of 3rd period - Shot Misses the Net.
18:30 of 3rd period - Shot by Michael Del Zotto.
18:30 of 3rd period - Stopped by Henrik Lundqvist without a rebound.
18:31 of 3rd period - Vincent Trocheck wins face-off versus Ilya Kovalchuk in Hurricanes zone.
18:36 of 3rd period - Shot by Vincent Trocheck.
18:36 of 3rd period - Stopped by Henrik Lundqvist with a rebound.
18:38 of 3rd period - Shot by Kevin Bieksa.
18:38 of 3rd period - Shot Misses the Net.
18:43 of 3rd period - Vincent Trocheck is hit by Robyn Regehr and loses puck.
19:29 of 3rd period - Icing by Chris Phillips.
19:30 of 3rd period - Martin Hanzal wins face-off versus Pierre-Marc Bouchard in Maple Leafs zone.
19:51 of 3rd period - Shot by Brian Lee.
19:51 of 3rd period - Stopped by Corey Crawford without a rebound.
19:52 of 3rd period - Ryan O'Reilly wins face-off versus Anton Gustafsson in Maple Leafs zone.
Goals for this period are 0 for Hurricanes vs 0 for Maple Leafs.
Shots for this period are 6 for Hurricanes vs 14 for Maple Leafs.